 Dungeon Crawl Stone Soup version 0.28-a0-1555-g9ae15a6949 (webtiles) character file.

Game seed: 12532720515316452153

93 ragingrage the Charlatan (level 4, -3/27 HPs)
             Began as a Gargoyle Artificer on Jan 18, 2022.
             Shot with an arrow by a centaur (5 damage)
             ... on level 3 of the Dungeon.
             The game lasted 00:02:51 (3351 turns).

ragingrage the Charlatan (Gargoyle Artificer)       Turns: 3351, Time: 00:02:52

Health: -3/27      AC:  6    Str: 16    XL:     4   Next: 62%
Magic:  4/4        EV: 11    Int: 11    God:
Gold:   79         SH:  0    Dex: 12    Spells: 3/3 levels left

rFire   . . .      SeeInvis .   k - +0 war axe
rCold   . . .      Faith    .   (no shield)
rNeg    + . .      Spirit   .   b - +0 leather armour
rPois   ∞          Reflect  .   (no helmet)
rElec   +          Harm     .   (no cloak)
rCorr   .          Rampage  .   (no gloves)
Will    .....                   (no boots)
Stlth   +.........              (no amulet)
HPRegen 0.09/turn               (no ring)
MPRegen 0.09/turn               (no ring)

@: no status effects
A: sickness immunity, AC +3, negative energy resistance 1, electricity
resistance, torment resistance 1, petrification resistance
a: no special abilities


You were on level 3 of the Dungeon.
You visited 1 branch of the dungeon, and saw 4 of its levels.

You collected 79 gold pieces.

Inventory:

Hand Weapons
 k - a +0 war axe (weapon)
Missiles
 h - 6 datura-tipped darts
Armour
 b - a +0 leather armour (worn)
Wands
 c - a wand of flame (11) (quivered)
 d - a wand of charming (13)
 n - a wand of iceblast (2)
Scrolls
 a - a scroll of identify {unknown}
 g - a scroll of teleportation {unknown}
 i - a scroll of silence {unknown}
 l - 3 scrolls of vulnerability {unknown}
Potions
 f - a potion of degeneration {unknown}
 j - 2 potions of flight {unknown}
 m - a potion of curing {unknown}
Miscellaneous
 e - a piece from Xom's chessboard (15/15)


   Skills:
 - Level 2.5 Fighting
 + Level 1.5 Axes
 - Level 2.1 Armour
 - Level 0.7 Dodging
 - Level 1.1 Stealth
 + Level 3.8 Evocations


You had 3 spell levels left.
You didn't know any spells.
Your spell library contained the following spells:

 Spells                   Type           Power      Damage    Failure   Level
 Corpse Rot               Necr/Air       0%         N/A       54%         2
 Iskenderun's Mystic Bla  Conj/Tloc      0%         2d3       99%         4
 Excruciating Wounds      Necr           0%         N/A       100%        5
 Fire Storm               Conj/Fire      0%         5d1       100%        9


Dungeon Overview and Level Annotations

Branches:
Dungeon (4/15)
 Temple: D:4-7

Altars:
Zin

Shops:
D:3 *


Innate Abilities, Weirdness & Mutations

You are immune to sickness and miasma.
Your stone body is resilient. (AC +3)
You are immune to poison.
You resist negative energy. (rN+)
You are resistant to electric shocks. (rElec)
You are resistant to unholy torment.
You are immune to petrification.


Message History

An endoplasm comes into view.
A rat and a centaur come into view.
The centaur shouts!
You hear a shout!
The endoplasm completely misses you.
You hit the endoplasm.
The endoplasm is heavily wounded.
The endoplasm hits you but does no damage.
A goblin comes into view. It is wielding a +0 club.
The endoplasm hits you.
You hit the endoplasm.
The endoplasm is severely wounded.
The endoplasm barely misses you.
You barely miss the endoplasm.
The endoplasm is severely wounded.
The endoplasm hits you. x2
You barely miss the endoplasm.
The endoplasm is severely wounded.
The endoplasm freezes you.
You are frozen.
You slash the endoplasm!
You kill the endoplasm!
The centaur wields a +0 shortbow.
The centaur shoots an arrow.
The arrow hits you. The rat bites you but does no damage.
You closely miss the rat. The rat closely misses you.
You closely miss the rat. The rat closely misses you.
You barely miss the rat. The rat bites you but does no damage.
The rat bites you.
You barely miss the rat. The rat bites you but does no damage.
You hit the rat but do no damage. The rat closely misses you.
The rat bites you but does no damage.
You barely miss the rat. The rat bites you but does no damage.
You slash the rat!
You kill the rat!
The centaur shoots an arrow.
The arrow hits you. The goblin closely misses you.
You slash the goblin!
You kill the goblin!
The centaur shoots an arrow.
The arrow hits you!
* * * LOW HITPOINT WARNING * * *
The centaur shoots an arrow.
The arrow hits you.
You die...

...#.....###+ ...+.....# .g.
...#.....# ... ...#......# ..
...###+#..# .. ...###.#...#+#.
.......# #.#... ######## ##.....#
#. #.#######......# +.....#.#..
#c)@...........# ###
#...[.#.##.##.######.......###..
#.......##..#.### #............
##.......###.#...##############.#
.......#..........†...........#.#
#.....###.###..#..†##########.#.#
...∩.._⌠#.##.....#.# #.#.#
#.....###.##.#.....# #.#.#
##.....#.......##### ### #.#.#


You could see a centaur.

Vanquished Creatures
  3 adders
  A worm (D:3)
  2 dart slugs
  7 ball pythons
  4 endoplasms
  4 giant cockroaches
  5 goblins
  12 hobgoblins
  3 jackals (D:1)
  2 quokkas
  A bat (D:1)
  4 kobolds
  5 rats
53 creatures vanquished.

Vanquished Creatures (collateral kills)
  A giant cockroach (D:1)
1 creature vanquished.

Vanquished Creatures (others)
  A goblin (D:1)
  A jackal (D:1)
2 creatures vanquished.

Grand Total: 56 creatures vanquished

Notes
Turn   | Place    | Note
-------+----------+-------------------------------------------
     0 | D:1      | ragingrage the Gargoyle Artificer began the quest for the
                  | Orb.
     0 | D:1      | Reached XP level 1. HP: 12/12 MP: 1/1
   497 | D:1      | Reached XP level 2. HP: 11/17 MP: 2/2
   637 | D:1      | Reached skill level 3 in Evocations
  1290 | D:1      | Reached XP level 3. HP: 8/22 MP: 3/3
  2032 | D:2      | Got Quit's Reference Book on Attacks and Sinister Rites
  2799 | D:3      | Reached XP level 4. HP: 25/27 MP: 4/4
  2802 | D:3      | Reached skill level 1 in Axes
  2932 | D:3      | Found Zin's Purification Station.
  2932 | D:3      | Found a glowing silver altar of Zin.
  2958 | D:3      | You fall into a shaft and drop 1 floor!
  3178 | D:4      | Noticed a phantom
  3209 | D:4      | Noticed a black bear
  3337 | D:3      | Noticed a centaur
  3351 | D:3      | Shot with an arrow by a centaur

Illustrated notes

Levels and vault maps discovered:
D:1:      wander_arrival_fairy_ring, layout_basic, minivault_26
D:2:      layout_loops_ring, lightli_corner_chamber
D:3:      layout_basic, zin_purify, grunt_ministairs_8
D:4:      layout_loops_cross, minmay_temple_entry_purple_smoke

Skill      XL: |  1  2  3  4 |
---------------+-------------+-----
Evocations     | 3 |  3.8
Fighting       | 2 |  2.5
Axes           | 1 |  1.5
Armour         | |  2.1
Dodging        | |  0.7
Stealth        | |  1.1

Action                   |  1- 3 |  4- 6 || total
-------------------------+-------+-------++-------
Melee: Club              |   139 |       ||   139
       Punch             |     2 |       ||     2
       War axe           |    32 |    43 ||    75
       Hand axe          |    16 |       ||    16
Evoke: Wand              |     6 |       ||     6
 Stab: Distracted        |     1 |       ||     1
       Sleeping          |     1 |       ||     1
Armor: Leather armour    |    69 |    13 ||    82
Dodge: Dodged            |   134 |    39 ||   173

Table legend: (Time is in decaauts)
 A = Elapsed time spent in this place.
 B = Non-inter-level travel time spent in this place.
 C = Inter-level travel time spent in this place.
 D = Time resting spent in this place.
 E = Time spent auto-exploring this place.
 F = Levels seen in this place.
 G = Mean time per level.
                   A        B        C        D        E       F      G
               +--------+--------+--------+--------+--------+-----+--------+
         Total |   3430 |   3364 |     66 |    752 |   1975 |   4 |  857.5 |
       Dungeon |   3430 |   3364 |     66 |    752 |   1975 |   4 |  857.5 |
               +--------+--------+--------+--------+--------+-----+--------+

Top non-repeatable levels by time:
     D:1: 1750 daAuts
     D:2: 1067 daAuts
     D:3: 353 daAuts
     D:4: 258 daAuts
